 Dungeon Crawl Stone Soup version 0.29.1-13-g9f3cf754e1 (webtiles) character file.

Game seed: 12297610654594207515

6996 sneakypete the Blocker (level 11, -3/84 HPs)
             Began as a Formicid Fighter on Jan 19, 2023.
             Was an Initiate of Ignis.
             Slain by a nine-headed hydra (13 damage)
             ... on level 1 of the Lair of Beasts.
             The game lasted 01:10:12 (10944 turns).

sneakypete the Blocker (Formicid Fighter)          Turns: 10944, Time: 01:10:13

Health: -3/84      AC: 17    Str: 25    XL:     11   Next: 29%
Magic:  9/9        EV: 12    Int:  6    God:    Ignis [......]
Gold:   639        SH: 23    Dex: 17    Spells: 10/10 levels left

rFire   + . .      SeeInvis +   t - +3 hand axe (spect)
rCold   . . .      Faith    .   G - +0 tower shield
rNeg    . . .      Spirit   .   h - +2 ring mail {rPois}
rPois   +          Reflect  +   (helmet unavailable)
rElec   .          Harm     .   O - +0 cloak
rCorr   .          Rampage  .   C - +2 pair of gloves
Will    +....                   (no boots)
Stlth   ++........              v - amulet of reflection
HPRegen 0.24/turn               H - +4 ring of protection
MPRegen 0.11/turn               (no ring)

@: rising, flying
A: permanent stasis, dig shafts and tunnels, antennae 3, four strong arms, agile
1, low MP 1, sturdy frame 1
a: Dig, Shaft Self, Renounce Religion


You were on level 1 of the Lair of Beasts.
You worshipped Ignis.
Ignis was noncommittal.
You visited 3 branches of the dungeon, and saw 11 of its levels.

You collected 639 gold pieces.

Inventory:

Hand Weapons
 t - a +3 spectral hand axe (weapon)
 A - a +2 vampiric hand axe
 N - a +2 quarterstaff of chaos
 T - a +2 great sword
 U - a +5 halberd
Missiles
 D - 3 throwing nets
Armour
 h - a +2 ring mail of poison resistance (worn)
 C - a +2 pair of gloves (worn)
 F - the +6 scale mail of Gutera {Harm}
   (You found it on level 5 of the Dungeon)

   Harm:      It increases damage dealt and taken.
 G - a +0 tower shield (worn)
 O - a +0 cloak (worn)
Magical Staves
 m - a staff of death
 V - a staff of earth
Jewellery
 v - an amulet of reflection (around neck)
 E - an amulet of guardian spirit
 H - a +4 ring of protection (left hand)
 K - a ring of resist corrosion
 Q - a +4 ring of slaying
Wands
 e - a wand of digging (1)
 x - a wand of flame (13)
 I - a wand of charming (8)
Scrolls
 c - a scroll of acquirement {unknown}
 f - 3 scrolls of fog {unknown}
 k - 2 scrolls of brand weapon
 l - 3 scrolls of blinking
 o - 9 scrolls of identify
 r - a scroll of enchant weapon {unknown}
 s - a scroll of immolation
 y - a scroll of fear {unknown}
 R - a scroll of teleportation
 W - a scroll of enchant armour {unknown}
Potions
 a - a potion of ambrosia {unknown}
 d - a potion of might
 g - a potion of brilliance {unknown}
 i - 4 potions of invisibility
 z - 2 potions of berserk rage {unknown}
 B - 2 potions of mutation
 J - a potion of attraction {unknown}
 M - a potion of lignification {unknown}
 P - a potion of magic {unknown}
Miscellaneous
 n - a piece from Xom's chessboard (15/15)


   Skills:
 + Level 7.3 Fighting
 + Level 10.4 Axes
 + Level 7.0 Armour
 + Level 4.5 Dodging
 + Level 2.5 Stealth
 + Level 12.1 Shields


You had 10 spell levels left.
You didn't know any spells.
Your spell library contained the following spells:

 Spells                   Type           Power      Damage    Failure   Level
 Freeze                   Ice            0%         1d3       90%         1
 Sting                    Tmut/Pois      0%         1d3       90%         1
 Poisonous Vapours        Pois/Air       0%         N/A       97%         2
 Call Canine Familiar     Summ           0%         N/A       99%         3
 Frozen Ramparts          Ice            0%         1d1       99%         3
 Inner Flame              Hex/Fire       0%         N/A       99%         3
 Portal Projectile        Hex/Tloc       0%         N/A       99%         3
 Cause Fear               Hex            0%         N/A       100%        4
 Hailstorm                Conj/Ice       0%         3d3       100%        4
 Leda's Liquefaction      Hex/Erth       0%         N/A       100%        4
 Olgreb's Toxic Radiance  Pois           0%         N/A       100%        4
 Discord                  Hex            0%         N/A       100%        8


Dungeon Overview and Level Annotations

Branches:
Dungeon (9/15)             Temple (1/1) D:6            Lair (1/5) D:9
    Orc: D:9-12

Altars:
Elyvilon
Gozag
Hepliaklqana
Kikubaaqudgha
Makhleb
Nemelex Xobeh
Okawaru
Qazlal
Sif Muna
Trog
Wu Jian
Xom
Yredelemnul
Zin
The Shining One
Ignis

Shops:
D:7 ?(   D:8 [


Innate Abilities, Weirdness & Mutations

You cannot be hasted, slowed, berserked, paralysed or teleported.
You can dig through walls and to a lower floor.
You have a pair of large antennae on your head. (SInv)
Your four strong arms can wield two-handed weapons with a shield.
You are agile. (Dex +4, Str/Int -1)
Your magical capacity is low. (-10% MP)
Your movements are slightly less encumbered by armour. (ER -2)


Message History

You lop one of the seven-headed hydra's heads off!
The six-headed hydra grows two more!
You slash the eight-headed hydra!
The eight-headed hydra is severely wounded.
You slash the bullfrog! You hit the cane toad but do no damage.
Your +3 spectral hand axe misses the bullfrog.
Your +3 spectral hand axe closely misses the cane toad.
You block the cane toad's attack. You block the bullfrog's attack.
The eight-headed hydra barely misses you.
The eight-headed hydra bites you.
The eight-headed hydra completely misses you.
The eight-headed hydra bites you but does no damage.
The eight-headed hydra bites you! The eight-headed hydra bites you. x2
The eight-headed hydra bites you but does no damage.
You block the cane toad's attack.
You slice one of the eight-headed hydra's heads off!
The seven-headed hydra grows two more!
You slash the nine-headed hydra!
The nine-headed hydra is severely wounded.
You slash the bullfrog! You hit the river rat. You barely miss the cane toad.
Your +3 spectral hand axe hits the bullfrog!
You kill the bullfrog!
Your +3 spectral hand axe closely misses the cane toad.
You block the river rat's attack.
The nine-headed hydra barely misses you.
The nine-headed hydra bites you. The nine-headed hydra bites you!
* * * LOW HITPOINT WARNING * * *
The nine-headed hydra bites you but does no damage.
You block the nine-headed hydra's attack. x2
The nine-headed hydra bites you.
* * * LOW HITPOINT WARNING * * *
The nine-headed hydra bites you!
* * * LOW HITPOINT WARNING * * *
The nine-headed hydra bites you but does no damage.
The cane toad stings you but does no damage.
Okay, then.
You begin to rise into the air.
You block the blink frog's attack. You block the river rat's attack.
You block the cane toad's attack.
You block the nine-headed hydra's attack.
The nine-headed hydra bites you but does no damage.
The nine-headed hydra bites you!
You die...

P.(~≈~...# ... #
..≈P~~...# .... #
~≈~~.~...# ..... .
.~...~...### .....
#........#.###.....
................... ...#
#......F.......?... ...#
#....§D@F.......... ...P
......r..........## #..#
#...............## #...
#.....(.........# #...
#.........†.....#####..#
#................##.#..#
#................†......
#................†......
#.#####.#########.####.#


You could see a nine-headed hydra, a cane toad, a blink frog and a river rat.

Vanquished Creatures
  A cyclops (D:8)
  Joseph (D:7)
  A cane toad (Lair:1)
  A black mamba (Lair:1)
  A rime drake (Lair:1)
  2 komodo dragons
  2 hornets
  Prince Ribbit (D:8)
  A wyvern (D:4)
  6 yaks
  3 water moccasins
  2 orc warriors
  A sky beast (D:7)
  3 black bears
  An ogre (D:5)
  2 centaurs (D:8)
  A phantom (D:7)
  A kobold brigand (D:9)
  6 bullfrogs
  A necrophage (D:5)
  2 scorpions
  9 wights
  3 howler monkeys
  3 jellies
  4 hounds
  4 orc priests
  Crazy Yiuf (D:7)
  3 iguanas
  8 orc wizards
  4 gnolls (D:5)
  14 adders
  3 shadow imps
  A white imp (D:4)
  3 dart slugs
  6 worms
  36 orcs
  5 endoplasms
  4 giant cockroaches
  6 goblins
  9 hobgoblins
  10 kobolds
  4 quokkas
  5 ball pythons
  7 bats
  10 frilled lizards
  3 rats
205 creatures vanquished.

Vanquished Creatures (others)
  18 foxfires
  54 fungi
  50 plants
122 creatures vanquished.

Grand Total: 327 creatures vanquished

Notes
Turn   | Place    | Note
-------+----------+-------------------------------------------
     0 | D:1      | sneakypete the Formicid Fighter began the quest for the
                  | Orb.
     0 | D:1      | Reached XP level 1. HP: 18/18 MP: 1/1
   307 | D:1      | Reached XP level 2. HP: 18/24 MP: 2/2
   610 | D:1      | Found a faded altar of an unknown god.
  1009 | D:1      | Prayed at the altar of an unknown god.
  1009 | D:1      | Became a worshipper of Ignis, the Dying Flame
  1320 | D:2      | Reached XP level 3. HP: 27/30 MP: 3/3
  1512 | D:2      | Reached XP level 4. HP: 10/37 MP: 4/4
  2298 | D:3      | Reached XP level 5. HP: 36/42 MP: 5/5
  2862 | D:3      | Reached XP level 6. HP: 41/48 MP: 6/6
  2912 | D:3      | Found an opulent altar of Gozag.
  3473 | D:4      | Reached skill level 1 in Dodging
  3910 | D:4      | Noticed a wyvern
  3917 | D:4      | Killed a wyvern
  3918 | D:4      | Reached skill level 5 in Axes
  3918 | D:4      | Reached skill level 5 in Armour
  3918 | D:4      | Reached skill level 5 in Shields
  3918 | D:4      | Reached XP level 7. HP: 36/54 MP: 7/7
  4523 | D:4      | Found a shimmering blue altar of Sif Muna.
  4779 | D:5      | Entered Level 5 of the Dungeon
  4982 | D:5      | Reached XP level 8. HP: 57/61 MP: 8/8
  5549 | D:5      | Reached skill level 6 in Shields
  5775 | D:5      | Identified the +6 scale mail of Gutera {Harm}
  5927 | D:6      | Identified the +5 short sword "Hagi" {freeze, Str+4}
  6270 | D:6      | Reached skill level 5 in Fighting
  6608 | D:6      | Found a staircase to the Ecumenical Temple.
  6620 | D:6      | Reached XP level 9. HP: 62/68 MP: 9/9
  6659 | Temple   | Entered the Ecumenical Temple
  6872 | D:7      | Noticed Joseph
  6904 | D:7      | Killed Joseph
  6905 | D:7      | Reached skill level 7 in Shields
  7164 | D:7      | Found Gergha's Magic Scroll Shop.
  7197 | D:7      | Found Ikoih's Antique Weapon Shoppe.
  7554 | D:7      | Noticed a hornet
  7570 | D:7      | Killed a hornet
  8196 | D:7      | Identified the +5 spear of Plog {freeze, +Blink MP+9}
  8231 | D:7      | Found a runed translucent door.
  8232 | D:7      | Noticed Crazy Yiuf
  8240 | D:7      | Killed Crazy Yiuf
  8241 | D:7      | Reached skill level 1 in Stealth
  8449 | D:8      | Reached skill level 8 in Shields
  8686 | D:8      | Reached XP level 10. HP: 31/76 MP: 10/10
  8692 | D:8      | Reached skill level 9 in Shields
  9096 | D:8      | Found Saogoneo's Antique Armour Shoppe.
  9135 | D:8      | Noticed a cyclops
  9157 | D:8      | Killed a cyclops
  9590 | D:8      | Noticed Prince Ribbit
  9602 | D:8      | Killed Prince Ribbit
  9603 | D:8      | Reached skill level 10 in Shields
  9804 | D:8      | Gained mutation: You are agile. (Dex +4, Str/Int -1)
                  | [potion of mutation]
  9804 | D:8      | Gained mutation: Your magical capacity is low. (-10% MP)
                  | [potion of mutation]
  9804 | D:8      | Gained mutation: Your movements are slightly less
                  | encumbered by armour. (ER -2) [potion of mutation]
 10257 | D:9      | Found a white marble altar of Elyvilon.
 10371 | D:9      | Identified the +1 robe "Tex Dait" {rPois Regen+ SInv}
 10526 | D:9      | Reached skill level 11 in Shields
 10578 | D:9      | Noticed a komodo dragon
 10587 | D:9      | Killed a komodo dragon
 10663 | D:9      | Found a staircase to the Lair.
 10721 | D:9      | Reached XP level 11. HP: 84/84 MP: 9/9
 10806 | Lair:1   | Entered Level 1 of the Lair of Beasts
 10814 | Lair:1   | Reached skill level 10 in Axes
 10879 | Lair:1   | Reached skill level 12 in Shields
 10916 | Lair:1   | Noticed a six-headed hydra
 10944 | Lair:1   | Slain by a nine-headed hydra

Illustrated notes

Levels and vault maps discovered:
D:1:      dpeg_arrival_arbitrary_a, layout_basic, shapermc_ecumenical_altar_gd,
          serial_bayou_pond_d, st_stairs_12
D:2:      layout_basic, st_stairs_13, minmay_close_crescents
D:3:      minmay_wonky_spiral, layout_rooms,
          nicolae_gozag_cash_rules_everything_around_me
D:4:      layout_gridville, lemuel_blue_sif_altar
D:5:      layout_gridville, minmay_starry_boxes
D:6:      layout_rooms, minmay_temple_entry_waves
D:7:      layout_cave_pods, serial_shops, shop, shop, uniq_crazy_yiuf_cottage,
          uniq_joseph
D:8:      layout_gridville, serial_shops, shop, uniq_prince_ribbit1
D:9:      layout_rooms, amcnicky_altar_gilded, due_lair_maze_entry_diamond,
          hellmonk_bongcloud_opening
Temple:   minmay_temple_bridge_abc
Lair:1:   layout_long_grid, chequers_serial_rivers_large_a, pond,
          grunt_megastairs_3, lemuel_fruit_fields

Skill      XL: |  1  2  3  4  5  6  7  8  9 10 11 |
---------------+----------------------------------+-----
Axes           | 3 4 5 7 8 9 10 | 10.4
Armour         | 4 5 6 7 |  7.0
Fighting       | 4 5 6 7 |  7.3
Dodging        | 1 2 3 4 |  4.5
Shields        | 5 6 8 11 12 | 12.1
Stealth        | 1 2 |  2.5

Action                   |  1- 3 |  4- 6 |  7- 9 | 10-12 || total
-------------------------+-------+-------+-------+-------++-------
Melee: War axe           |    85 |    46 |       |       ||   131
       Hand axe          |       |    78 |   245 |   168 ||   491
Invok: Fiery Armour      |     1 |     6 |     1 |       ||     8
       Foxfire Swarm     |       |     2 |     1 |       ||     3
       Rising Flame      |       |       |       |     1 ||     1
Evoke: Wand              |       |       |       |     4 ||     4
  Use: Scroll            |       |       |       |     8 ||     8
       Potion            |       |       |       |     7 ||     7
 Stab: Distracted        |       |       |       |     1 ||     1
Armor: Scale mail        |    47 |    10 |       |       ||    57
       Chain mail        |       |    58 |    14 |       ||    72
       Ring mail         |       |       |    64 |    41 ||   105
Dodge: Dodged            |    69 |    38 |    82 |    49 ||   238
Block: Buckler           |    29 |    31 |    48 |       ||   108
       Tower shield      |       |       |   158 |   229 ||   387
       Reflection        |       |       |     2 |     7 ||     9
